[ PARTIDA AOE2 · #469619925 ]
Team RMJemeres vs Goths
[ ANÁLISIS DE REPETICIÓN · EXTRAÍDO DE LA PARTIDA GRABADA ]
Feudal
21:13
Castillos
25:43
Imperial
38:55
| APM promedio | 8.5 |
| APM pico | 29 |
| eAPM promedio | 7.8 |
| Aldeanos / militares | 183 / 16 |
Foco
⚔️ 30.2% · 🌾 69.8%
Ballista Elephant ×8 · Battle Elephant ×6 · Monk ×2
Feudal
15:08
Castillos
26:09
Imperial
38:12
| APM promedio | 8.5 |
| APM pico | 20 |
| eAPM promedio | 6.2 |
| Aldeanos / militares | 64 / 60 |
Foco
⚔️ 25.0% · 🌾 75.0%
Teutonic Knight ×25 · Hand Cannoneer ×15 · Scorpion ×13 · Trade Cart ×8 · Mangonel ×4 · Bombard Cannon ×3
Feudal
17:24
Castillos
24:56
Imperial
34:01
| APM promedio | 13.9 |
| APM pico | 39 |
| eAPM promedio | 10.5 |
| Aldeanos / militares | 90 / 208 |
Foco
⚔️ 29.2% · 🌾 70.8%
Huskarl ×206 · Trade Cart ×19 · Mangonel ×1 · Monk ×1
Feudal
15:33
Castillos
22:17
Imperial
32:05
| APM promedio | 13.0 |
| APM pico | 34 |
| eAPM promedio | 10.1 |
| Aldeanos / militares | 79 / 115 |
Foco
⚔️ 36.4% · 🌾 63.6%
Serjeant ×97 · Fishing Ship ×17 · Spearman ×6 · Trebuchet (Packed) ×5 · Mangonel ×5 · Monk ×2
Feudal
—
Castillos
—
Imperial
—
| APM promedio | 15.4 |
| APM pico | 51 |
| eAPM promedio | 14.1 |
| Aldeanos / militares | 109 / 310 |
Foco
⚔️ 51.4% · 🌾 48.6%
Militia ×208 · Archer ×40 · Longbowman ×22 · Trade Cart ×21 · Spearman ×19 · Trebuchet (Packed) ×17
Feudal
13:09
Castillos
22:12
Imperial
37:31
| APM promedio | 14.0 |
| APM pico | 40 |
| eAPM promedio | 10.1 |
| Aldeanos / militares | 89 / 155 |
Foco
⚔️ 42.8% · 🌾 57.2%
Teutonic Knight ×89 · Scout Cavalry ×38 · Bombard Cannon ×16 · Scorpion ×11 · Trade Cart ×4 · Monk ×1
Mapa de la partida
Recursos iniciales + cada clic de construcción. Líneas = muros · curvas = relieve. ◆ oro · ⬟ piedra · ● bayas · ✦ reliquia · ◌ hueco del cierre
Tu base· ✓ Cerrada en 25:43 · 15t muro · sin puerta
Base de davidbanegasr· ✓ Cerrada en 26:09 · 33t muro · 3 puerta(s)
Base de Kraken· ✓ Cerrada en 24:56 · 22t muro · 3 puerta(s)
Base de Kibutsuji Mudzan· ✓ Cerrada en 22:17 · 20t muro · frágil
Base de SEVENOF22· ✓ Cerrada en 19:32 · 49t muro · sin puerta
Base de eduiii· ✓ Cerrada en 22:12 · 63t muro · frágil
Terreno inicial suavizado · ◌ = hueco del cierre detectado · pasá el cursor para detalles
Inputs por minuto
— CROOKED HILLARY - - davidbanegasr
Build order — CROOKED HILLARY
Primeras 150 de 291 acciones detectadas
| 0:10 | Crear | Villager (Male) |
| 0:10 | Investigar | Loom |
| 0:10 | Crear | Villager (Male) |
| 0:10 | Crear | Villager (Male) |
| 0:11 | Crear | Villager (Male) |
| 0:11 | Crear | Villager (Male) |
| 0:18 | Construir | House |
| 1:11 | Construir | House |
| 2:21 | Crear | Villager (Male) |
| 2:21 | Crear | Villager (Male) |
| 3:05 | Crear | Villager (Male) |
| 3:05 | Crear | Villager (Male) |
| 3:06 | Crear | Villager (Male) |
| 3:16 | Construir | Palisade Gate |
| 3:31 | Construir | Lumber Camp |
| 3:41 | Construir | Palisade Wall |
| 4:09 | Crear | Villager (Male) |
| 4:09 | Crear | Villager (Male) |
| 4:10 | Crear | Villager (Male) |
| 4:10 | Crear | Villager (Male) |
| 4:44 | Crear | Villager (Male) |
| 5:15 | Construir | House |
| 5:23 | Crear | Villager (Male) |
| 5:23 | Crear | Villager (Male) |
| 6:03 | Crear | Villager (Male) |
| 6:04 | Crear | Villager (Male) |
| 6:04 | Crear | Villager (Male) |
| 6:04 | Crear | Villager (Male) |
| 6:17 | Crear | Villager (Male) |
| 6:17 | Crear | Villager (Male) |
| 6:26 | Construir | House |
| 6:47 | Crear | Villager (Male) |
| 6:48 | Crear | Villager (Male) |
| 7:07 | Construir | House |
| 7:43 | Construir | Farm |
| 7:52 | Construir | Farm |
| 8:09 | Construir | Farm |
| 8:27 | Construir | Farm |
| 9:15 | Crear | Villager (Male) |
| 9:16 | Crear | Villager (Male) |
| 9:51 | Crear | Villager (Male) |
| 10:03 | Construir | Farm |
| 10:36 | Crear | Villager (Male) ×2 |
| 10:37 | Crear | Villager (Male) ×2 |
| 11:39 | Crear | Villager (Male) ×2 |
| 11:44 | Construir | Farm |
| 12:04 | Construir | House |
| 12:09 | Construir | House |
| 12:16 | Construir | Palisade Wall |
| 12:19 | Construir | Palisade Wall |
| 12:25 | Construir | Palisade Wall |
| 12:33 | Crear | Villager (Male) ×2 |
| 12:42 | Construir | Mill |
| 12:52 | Crear | Villager (Male) |
| 13:26 | Crear | Villager (Male) |
| 14:02 | Crear | Villager (Male) |
| 14:03 | Crear | Villager (Male) |
| 14:03 | Crear | Villager (Male) |
| 14:03 | Crear | Villager (Male) |
| 15:43 | Crear | Villager (Male) ×5 |
| 15:43 | Crear | Villager (Male) ×2 |
| 16:43 | Construir | Mill |
| 16:51 | Construir | House |
| 16:54 | Construir | House |
| 16:55 | Construir | House |
| 16:57 | Construir | House |
| 16:59 | Construir | House |
| 17:04 | Crear | Villager (Male) ×5 |
| 17:53 | Construir | Farm |
| 18:36 | Investigar | Feudal Age |
| 18:40 | Investigar | Feudal Age |
| 18:46 | Construir | Mining Camp |
| 19:14 | Crear | Villager (Male) |
| 19:14 | Crear | Villager (Male) |
| 19:14 | Crear | Villager (Male) |
| 19:15 | Crear | Villager (Male) |
| 19:15 | Crear | Villager (Male) |
| 19:15 | Crear | Villager (Male) |
| 19:47 | Crear | Villager (Male) |
| 19:47 | Crear | Villager (Male) |
| 21:13 | Edad | Edad Feudal |
| 21:22 | Investigar | Gold Mining |
| 21:22 | Investigar | Stone Mining |
| 21:30 | Investigar | Double-Bit Axe |
| 21:32 | Investigar | Horse Collar |
| 21:42 | Investigar | Wheelbarrow |
| 21:59 | Construir | Mill |
| 22:07 | Construir | Mining Camp |
| 22:20 | Construir | Farm |
| 22:39 | Investigar | Castle Age |
| 23:25 | Construir | Farm |
| 23:27 | Construir | Farm |
| 23:29 | Construir | Farm |
| 23:30 | Construir | Farm |
| 23:31 | Construir | Farm |
| 23:33 | Construir | Farm |
| 23:34 | Construir | Farm |
| 23:36 | Construir | Farm |
| 23:37 | Construir | Farm |
| 24:39 | Crear | Villager (Male) |
| 24:39 | Crear | Villager (Male) |
| 24:46 | Investigar | Town Watch |
| 25:43 | Edad | Edad de los Castillos |
| 26:02 | Construir | Town Center |
| 26:21 | Construir | Town Center |
| 26:30 | Crear | Villager (Male) |
| 26:41 | Construir | Town Center |
| 26:55 | Crear | Villager (Male) |
| 26:56 | Investigar | Hand Cart |
| 27:10 | Crear | Villager (Male) ×5 |
| 27:27 | Construir | Stone Wall |
| 27:30 | Construir | Stone Wall |
| 27:31 | Construir | Stone Wall |
| 27:34 | Construir | Stone Wall |
| 27:35 | Construir | Stone Wall |
| 27:36 | Construir | Stone Wall |
| 27:40 | Construir | Stone Wall |
| 27:45 | Crear | Villager (Male) ×5 |
| 27:46 | Crear | Villager (Male) ×5 |
| 28:03 | Crear | Villager (Male) |
| 28:04 | Crear | Villager (Male) ×5 |
| 28:12 | Crear | Villager (Male) |
| 28:13 | Crear | Villager (Male) ×5 |
| 28:46 | Crear | Villager (Male) ×5 |
| 29:25 | Crear | Villager (Male) ×5 |
| 29:59 | Investigar | Town Watch |
| 29:59 | Crear | Villager (Male) ×5 |
| 30:05 | Investigar | Heavy Plow |
| 30:08 | Investigar | Bow Saw |
| 30:18 | Construir | Stone Wall |
| 30:28 | Construir | Stone Wall |
| 30:31 | Construir | Stone Wall |
| 30:34 | Construir | Stone Wall |
| 30:38 | Construir | Stone Wall |
| 30:39 | Construir | Stone Wall |
| 30:59 | Construir | Lumber Camp |
| 31:13 | Crear | Villager (Male) ×5 |
| 31:14 | Crear | Villager (Male) ×5 |
| 31:20 | Construir | Farm |
| 31:22 | Construir | Farm |
| 31:23 | Construir | Farm |
| 31:25 | Construir | Farm |
| 31:26 | Construir | Farm |
| 31:27 | Construir | Farm |
| 31:37 | Construir | House |
| 31:38 | Construir | House |
| 31:39 | Construir | House |
| 31:41 | Construir | House |
| 31:42 | Construir | House |
| 31:43 | Construir | House |
Build order — davidbanegasr
Primeras 150 de 180 acciones detectadas
| 0:24 | Construir | Palisade Wall |
| 0:30 | Construir | Palisade Gate |
| 0:31 | Construir | Palisade Gate |
| 0:35 | Investigar | Loom |
| 0:36 | Crear | Villager (Male) |
| 2:31 | Construir | Palisade Wall |
| 2:36 | Construir | Palisade Gate |
| 3:24 | Construir | House |
| 3:27 | Construir | House |
| 3:28 | Construir | House |
| 4:57 | Crear | Villager (Male) ×3 |
| 6:32 | Crear | Villager (Male) ×2 |
| 6:58 | Crear | Villager (Male) |
| 7:23 | Crear | Villager (Male) |
| 8:03 | Construir | Mill |
| 8:17 | Crear | Villager (Male) |
| 8:18 | Crear | Villager (Male) |
| 8:52 | Crear | Villager (Male) |
| 9:48 | Construir | Lumber Camp |
| 12:19 | Construir | House |
| 12:21 | Construir | House |
| 12:23 | Construir | House |
| 12:24 | Construir | House |
| 12:26 | Construir | House |
| 12:58 | Investigar | Feudal Age |
| 15:08 | Edad | Edad Feudal |
| 15:15 | Investigar | Wheelbarrow |
| 15:20 | Investigar | Double-Bit Axe |
| 15:35 | Construir | Market |
| 16:29 | Construir | Blacksmith |
| 16:54 | Crear | Villager (Male) ×2 |
| 17:10 | Crear | Villager (Male) ×5 |
| 17:32 | Construir | Farm |
| 17:33 | Construir | Farm |
| 17:34 | Construir | Farm |
| 17:35 | Construir | Farm |
| 17:37 | Construir | Farm |
| 18:11 | Construir | Stone Wall |
| 18:18 | Construir | Gate |
| 18:27 | Construir | Stone Wall |
| 18:43 | Construir | Farm |
| 18:44 | Construir | Farm |
| 18:46 | Construir | Farm |
| 18:51 | Construir | Farm |
| 18:52 | Construir | Farm |
| 18:53 | Construir | Farm |
| 18:53 | Construir | Farm |
| 19:18 | Construir | Mining Camp |
| 19:43 | Crear | Villager (Male) ×5 |
| 20:03 | Construir | Market |
| 20:22 | Crear | Trade Cart |
| 20:22 | Crear | Trade Cart |
| 21:32 | Investigar | Horse Collar |
| 22:04 | Crear | Villager (Male) |
| 22:04 | Crear | Villager (Male) |
| 23:29 | Investigar | Castle Age |
| 24:09 | Investigar | Stone Mining |
| 24:10 | Investigar | Gold Mining |
| 26:09 | Edad | Edad de los Castillos |
| 26:10 | Investigar | Hand Cart |
| 26:12 | Investigar | Heavy Plow |
| 26:21 | Investigar | Bow Saw |
| 26:51 | Construir | Town Center |
| 27:14 | Crear | Villager (Male) ×3 |
| 27:52 | Construir | Town Center |
| 28:06 | Crear | Villager (Male) |
| 28:06 | Crear | Villager (Male) |
| 28:07 | Crear | Villager (Male) |
| 28:36 | Crear | Villager (Male) ×5 |
| 28:41 | Crear | Villager (Male) |
| 29:13 | Construir | Castle |
| 29:23 | Crear | Villager (Male) |
| 29:24 | Crear | Villager (Male) |
| 29:24 | Crear | Villager (Male) |
| 29:40 | Construir | Lumber Camp |
| 29:49 | Construir | Lumber Camp |
| 30:02 | Crear | Villager (Male) |
| 30:03 | Crear | Villager (Male) |
| 30:26 | Crear | Villager (Male) ×4 |
| 31:15 | Construir | Farm |
| 31:16 | Construir | Farm |
| 31:18 | Construir | Farm |
| 31:20 | Construir | Farm |
| 31:22 | Construir | Farm |
| 31:23 | Construir | Farm |
| 31:25 | Construir | Farm |
| 31:36 | Crear | Villager (Male) ×5 |
| 31:47 | Construir | Farm |
| 31:58 | Crear | Villager (Male) |
| 31:58 | Crear | Villager (Male) |
| 31:58 | Crear | Villager (Male) |
| 32:04 | Construir | Farm |
| 32:05 | Construir | Farm |
| 32:07 | Construir | Farm |
| 32:08 | Construir | Farm |
| 32:09 | Construir | Farm |
| 32:13 | Construir | Farm |
| 32:18 | Crear | Villager (Male) |
| 32:19 | Crear | Villager (Male) |
| 32:19 | Crear | Villager (Male) |
| 33:01 | Construir | Siege Workshop |
| 33:04 | Construir | Siege Workshop |
| 33:08 | Construir | Siege Workshop |
| 33:16 | Construir | University |
| 33:26 | Investigar | Caravan |
| 33:36 | Crear | Trade Cart |
| 33:36 | Crear | Trade Cart |
| 33:37 | Crear | Trade Cart |
| 33:42 | Crear | Trade Cart |
| 33:43 | Crear | Trade Cart |
| 33:44 | Crear | Trade Cart |
| 34:19 | Construir | Farm |
| 34:41 | Construir | Barracks |
| 35:02 | Investigar | Imperial Age |
| 35:11 | Crear | Villager (Male) |
| 35:12 | Crear | Villager (Male) |
| 35:12 | Crear | Villager (Male) |
| 35:48 | Investigar | Fortified Wall (upgrade) |
| 35:49 | Investigar | Ballistics |
| 35:57 | Crear | Villager (Male) |
| 35:57 | Crear | Villager (Male) |
| 35:57 | Crear | Villager (Male) |
| 35:57 | Crear | Villager (Male) |
| 36:05 | Construir | Farm |
| 36:05 | Construir | Farm |
| 36:06 | Construir | Farm |
| 36:07 | Construir | Farm |
| 36:40 | Construir | Archery Range |
| 37:07 | Construir | House |
| 37:09 | Construir | House |
| 37:10 | Construir | House |
| 37:11 | Construir | House |
| 37:13 | Construir | House |
| 37:16 | Construir | House |
| 37:20 | Construir | House |
| 37:24 | Construir | House |
| 37:42 | Construir | Archery Range |
| 38:01 | Investigar | Forging |
| 38:02 | Investigar | Scale Mail Armor |
| 38:12 | Edad | Edad Imperial |
| 38:13 | Investigar | Chemistry |
| 38:15 | Investigar | Siege Engineers |
| 38:59 | Construir | Castle |
| 39:10 | Investigar | Two-Man Saw |
| 39:28 | Investigar | Iron Casting |
| 39:46 | Crear | Scorpion |
| 39:46 | Crear | Scorpion |
| 39:46 | Crear | Scorpion |
| 39:53 | Crear | Scorpion |
| 39:53 | Crear | Scorpion |
Build order — Kraken
Primeras 150 de 367 acciones detectadas
| 0:05 | Construir | House |
| 0:06 | Construir | House |
| 0:10 | Construir | House |
| 0:39 | Crear | Villager (Male) |
| 0:39 | Crear | Villager (Male) |
| 0:39 | Crear | Villager (Male) |
| 0:40 | Crear | Villager (Male) |
| 0:42 | Investigar | Loom |
| 2:21 | Crear | Villager (Male) |
| 2:27 | Crear | Villager (Male) |
| 3:27 | Construir | Palisade Wall |
| 3:31 | Construir | Palisade Gate |
| 3:32 | Crear | Villager (Male) |
| 3:33 | Crear | Villager (Male) |
| 3:33 | Crear | Villager (Male) |
| 3:48 | Crear | Villager (Male) |
| 4:20 | Crear | Villager (Male) |
| 4:28 | Crear | Villager (Male) |
| 4:28 | Crear | Villager (Male) |
| 5:26 | Construir | House |
| 5:44 | Construir | House |
| 5:46 | Crear | Villager (Male) |
| 5:46 | Crear | Villager (Male) |
| 5:47 | Crear | Villager (Male) |
| 5:47 | Crear | Villager (Male) |
| 5:47 | Crear | Villager (Male) |
| 5:55 | Construir | Mill |
| 7:19 | Construir | Palisade Wall |
| 7:23 | Construir | Palisade Gate |
| 7:36 | Construir | House |
| 8:09 | Crear | Villager (Male) |
| 8:10 | Crear | Villager (Male) |
| 8:10 | Crear | Villager (Male) |
| 8:10 | Crear | Villager (Male) |
| 8:11 | Crear | Villager (Male) |
| 8:11 | Crear | Villager (Male) |
| 8:12 | Crear | Villager (Male) |
| 8:12 | Crear | Villager (Male) |
| 8:40 | Construir | Mining Camp |
| 9:15 | Construir | Lumber Camp |
| 10:49 | Construir | House |
| 10:53 | Construir | House |
| 10:56 | Construir | House |
| 11:01 | Crear | Villager (Male) |
| 11:02 | Crear | Villager (Male) |
| 11:02 | Crear | Villager (Male) |
| 11:03 | Crear | Villager (Male) |
| 11:03 | Crear | Villager (Male) |
| 11:04 | Crear | Villager (Male) |
| 11:04 | Crear | Villager (Male) |
| 11:04 | Crear | Villager (Male) |
| 11:13 | Construir | Mining Camp |
| 11:31 | Construir | Palisade Wall |
| 11:55 | Construir | Palisade Gate |
| 12:02 | Construir | Palisade Wall |
| 12:07 | Construir | House |
| 12:09 | Construir | House |
| 12:11 | Construir | House |
| 12:46 | Construir | Barracks |
| 12:52 | Construir | Farm |
| 13:13 | Construir | Farm |
| 13:36 | Construir | Farm |
| 14:02 | Construir | Farm |
| 14:12 | Crear | Villager (Male) |
| 14:14 | Crear | Villager (Male) |
| 14:53 | Construir | Farm |
| 14:54 | Construir | Farm |
| 15:00 | Investigar | Feudal Age |
| 15:26 | Construir | Farm |
| 15:45 | Construir | Barracks |
| 15:49 | Construir | Barracks |
| 16:38 | Construir | Farm |
| 16:39 | Construir | Farm |
| 16:39 | Construir | Farm |
| 16:40 | Construir | Farm |
| 16:41 | Construir | Farm |
| 16:41 | Construir | Farm |
| 16:42 | Construir | Farm |
| 17:24 | Edad | Edad Feudal |
| 17:27 | Construir | Market |
| 17:39 | Construir | Blacksmith |
| 17:43 | Construir | House |
| 17:44 | Construir | House |
| 17:44 | Construir | House |
| 17:45 | Construir | House |
| 17:50 | Crear | Villager (Male) |
| 17:50 | Crear | Villager (Male) |
| 18:13 | Construir | Barracks |
| 18:18 | Construir | Farm |
| 18:35 | Investigar | Double-Bit Axe |
| 18:36 | Investigar | Horse Collar |
| 18:37 | Investigar | Gold Mining |
| 18:38 | Investigar | Stone Mining |
| 18:41 | Crear | Villager (Male) |
| 18:42 | Crear | Villager (Male) |
| 18:56 | Investigar | Man-at-Arms (upgrade) |
| 19:04 | Crear | Trade Cart |
| 19:12 | Crear | Trade Cart |
| 19:19 | Construir | House |
| 19:20 | Construir | House |
| 19:30 | Crear | Villager (Male) |
| 19:39 | Crear | Villager (Male) |
| 19:57 | Crear | Villager (Male) |
| 19:59 | Construir | Farm |
| 20:10 | Construir | Barracks |
| 20:27 | Construir | Farm |
| 20:29 | Crear | Villager (Male) |
| 20:37 | Crear | Villager (Male) |
| 20:57 | Investigar | Forging |
| 20:57 | Investigar | Scale Mail Armor |
| 21:15 | Construir | House |
| 21:17 | Construir | House |
| 21:18 | Construir | House |
| 21:22 | Construir | House |
| 21:28 | Construir | Farm |
| 21:29 | Construir | Farm |
| 21:41 | Construir | Farm |
| 21:43 | Crear | Villager (Male) |
| 22:14 | Construir | Farm |
| 22:16 | Investigar | Castle Age |
| 22:25 | Crear | Trade Cart ×3 |
| 23:26 | Investigar | Fletching |
| 23:56 | Construir | House |
| 23:58 | Construir | House |
| 23:58 | Construir | House |
| 24:02 | Construir | House |
| 24:56 | Edad | Edad de los Castillos |
| 25:01 | Construir | Town Center |
| 25:21 | Construir | Castle |
| 25:29 | Crear | Villager (Male) |
| 25:29 | Crear | Villager (Male) |
| 25:51 | Construir | Town Center |
| 26:06 | Investigar | Wheelbarrow |
| 26:14 | Investigar | Bow Saw |
| 26:27 | Investigar | Heavy Plow |
| 26:27 | Investigar | Heavy Plow |
| 27:00 | Construir | Barracks |
| 27:06 | Crear | Villager (Male) ×5 |
| 27:06 | Crear | Villager (Male) ×5 |
| 27:07 | Crear | Villager (Male) ×5 |
| 27:07 | Crear | Villager (Male) ×5 |
| 27:37 | Construir | Farm |
| 27:45 | Construir | House |
| 27:45 | Construir | House |
| 27:46 | Construir | House |
| 27:48 | Construir | House |
| 27:49 | Construir | House |
| 27:52 | Construir | House |
| 27:52 | Construir | House |
| 27:54 | Construir | House |
Build order — Kibutsuji Mudzan
Primeras 150 de 348 acciones detectadas
| 0:02 | Construir | House |
| 0:04 | Construir | House |
| 0:06 | Investigar | Loom |
| 0:07 | Crear | Villager (Male) ×4 |
| 0:07 | Crear | Villager (Male) ×4 |
| 0:48 | Construir | Palisade Wall |
| 0:51 | Construir | Palisade Wall |
| 3:21 | Construir | Lumber Camp |
| 3:40 | Crear | Villager (Male) |
| 3:40 | Crear | Villager (Male) |
| 4:33 | Crear | Villager (Male) |
| 5:12 | Crear | Villager (Male) |
| 5:41 | Crear | Villager (Male) |
| 6:08 | Crear | Villager (Male) |
| 6:34 | Crear | Villager (Male) |
| 6:53 | Crear | Villager (Male) |
| 7:12 | Construir | House |
| 7:18 | Construir | House |
| 7:38 | Crear | Villager (Male) |
| 8:25 | Construir | Dock |
| 8:37 | Crear | Villager (Male) |
| 8:38 | Crear | Villager (Male) |
| 8:38 | Crear | Villager (Male) |
| 8:56 | Crear | Villager (Male) |
| 8:56 | Crear | Villager (Male) |
| 9:12 | Crear | Fishing Ship |
| 9:12 | Crear | Fishing Ship |
| 9:24 | Crear | Fishing Ship |
| 9:53 | Crear | Villager (Male) |
| 9:53 | Crear | Villager (Male) |
| 9:53 | Crear | Villager (Male) |
| 10:03 | Crear | Fishing Ship |
| 10:07 | Crear | Villager (Male) |
| 10:16 | Crear | Villager (Male) |
| 10:59 | Construir | Mill |
| 11:19 | Construir | Mill |
| 11:24 | Crear | Villager (Male) |
| 11:24 | Crear | Villager (Male) |
| 11:41 | Construir | House |
| 11:56 | Crear | Fishing Ship |
| 11:57 | Crear | Fishing Ship |
| 12:30 | Crear | Villager (Male) |
| 12:31 | Crear | Villager (Male) |
| 12:53 | Crear | Fishing Ship |
| 12:53 | Crear | Fishing Ship |
| 13:10 | Construir | House |
| 13:20 | Investigar | Feudal Age |
| 13:30 | Crear | Fishing Ship |
| 13:39 | Construir | House |
| 14:04 | Construir | Mill |
| 14:16 | Construir | House |
| 14:40 | Crear | Villager (Male) |
| 14:40 | Crear | Villager (Male) |
| 14:50 | Construir | House |
| 15:14 | Construir | Lumber Camp |
| 15:33 | Edad | Edad Feudal |
| 16:09 | Investigar | Double-Bit Axe |
| 16:34 | Crear | Villager (Male) |
| 16:34 | Crear | Villager (Male) |
| 16:42 | Crear | Villager (Male) |
| 17:26 | Construir | Mining Camp |
| 17:43 | Construir | Market |
| 17:50 | Construir | Blacksmith |
| 18:03 | Construir | Fish Trap |
| 18:07 | Construir | Fish Trap |
| 18:19 | Crear | Villager (Male) |
| 18:19 | Crear | Villager (Male) |
| 18:29 | Construir | Fish Trap |
| 18:34 | Construir | Fish Trap |
| 18:51 | Construir | Fish Trap |
| 19:13 | Construir | Donjon |
| 19:26 | Construir | Fish Trap |
| 19:29 | Construir | Fish Trap |
| 19:37 | Investigar | Castle Age |
| 19:56 | Crear | Fishing Ship |
| 19:57 | Crear | Fishing Ship |
| 19:58 | Crear | Fishing Ship |
| 20:54 | Construir | Fish Trap |
| 20:57 | Crear | Fishing Ship |
| 21:21 | Investigar | Tech 906 |
| 21:40 | Construir | Fish Trap |
| 22:16 | Construir | Fish Trap |
| 22:17 | Edad | Edad de los Castillos |
| 22:18 | Crear | Fishing Ship |
| 22:19 | Crear | Fishing Ship |
| 22:32 | Investigar | Pikeman (upgrade) |
| 22:44 | Construir | Mining Camp |
| 22:48 | Crear | Villager (Male) |
| 22:48 | Crear | Villager (Male) |
| 22:48 | Crear | Villager (Male) |
| 22:49 | Crear | Villager (Male) |
| 22:49 | Crear | Villager (Male) |
| 22:49 | Crear | Villager (Male) |
| 22:53 | Construir | Fish Trap |
| 22:59 | Crear | Fishing Ship |
| 22:59 | Crear | Fishing Ship |
| 23:10 | Construir | House |
| 23:11 | Construir | House |
| 23:12 | Construir | House |
| 23:16 | Investigar | Bow Saw |
| 23:18 | Investigar | Horse Collar |
| 23:22 | Construir | Farm |
| 23:25 | Crear | Villager (Male) |
| 23:43 | Construir | Stone Wall |
| 23:47 | Construir | Stone Wall |
| 23:49 | Construir | Stone Wall |
| 23:53 | Construir | Fish Trap |
| 23:59 | Investigar | Heavy Plow |
| 24:03 | Construir | Farm |
| 24:07 | Construir | Farm |
| 24:13 | Crear | Villager (Male) |
| 24:13 | Crear | Villager (Male) |
| 24:31 | Construir | Fish Trap |
| 24:45 | Construir | Town Center |
| 24:49 | Crear | Villager (Male) |
| 24:50 | Crear | Villager (Male) |
| 24:55 | Construir | House |
| 24:57 | Construir | House |
| 25:14 | Construir | Farm |
| 25:19 | Construir | Fish Trap |
| 25:46 | Investigar | Gillnets |
| 25:52 | Construir | Fish Trap |
| 26:01 | Construir | Farm |
| 26:16 | Crear | Villager (Male) |
| 26:16 | Crear | Villager (Male) |
| 26:16 | Crear | Villager (Male) |
| 26:16 | Crear | Villager (Male) |
| 26:17 | Crear | Villager (Male) |
| 26:25 | Construir | Lumber Camp |
| 26:30 | Construir | Farm |
| 26:56 | Construir | Lumber Camp |
| 27:24 | Construir | Farm |
| 27:25 | Construir | Farm |
| 27:42 | Construir | University |
| 27:54 | Construir | Monastery |
| 28:03 | Crear | Villager (Male) |
| 28:04 | Crear | Villager (Male) |
| 28:05 | Crear | Villager (Male) |
| 28:06 | Crear | Villager (Male) |
| 28:36 | Construir | Farm |
| 28:38 | Construir | Farm |
| 28:45 | Crear | Monk |
| 28:45 | Crear | Monk |
| 28:55 | Investigar | Imperial Age |
| 28:59 | Construir | Farm |
| 29:03 | Construir | Farm |
| 29:10 | Construir | Farm |
| 29:15 | Construir | Farm |
| 29:21 | Crear | Villager (Male) |
| 29:21 | Crear | Villager (Male) |
Build order — SEVENOF22
Primeras 150 de 595 acciones detectadas
| 0:04 | Crear | Villager (Male) |
| 0:04 | Crear | Villager (Male) |
| 0:05 | Crear | Villager (Male) |
| 0:05 | Crear | Villager (Male) |
| 0:05 | Crear | Villager (Male) |
| 0:29 | Construir | Palisade Wall |
| 0:35 | Construir | House |
| 1:29 | Construir | Palisade Wall |
| 1:38 | Construir | House |
| 1:39 | Construir | House |
| 2:34 | Crear | Villager (Male) |
| 2:34 | Crear | Villager (Male) |
| 2:34 | Crear | Villager (Male) |
| 3:11 | Crear | Villager (Male) |
| 3:11 | Crear | Villager (Male) |
| 3:11 | Crear | Villager (Male) |
| 3:33 | Crear | Villager (Male) |
| 3:33 | Crear | Villager (Male) |
| 4:01 | Crear | Villager (Male) |
| 4:01 | Crear | Villager (Male) |
| 4:02 | Crear | Villager (Male) |
| 4:17 | Construir | House |
| 4:36 | Crear | Villager (Male) |
| 4:36 | Crear | Villager (Male) |
| 4:36 | Crear | Villager (Male) |
| 4:37 | Crear | Villager (Male) |
| 5:15 | Construir | House |
| 5:24 | Crear | Villager (Male) |
| 5:24 | Crear | Villager (Male) |
| 5:49 | Crear | Villager (Male) |
| 5:49 | Crear | Villager (Male) |
| 6:12 | Construir | Mill |
| 6:20 | Crear | Villager (Male) |
| 6:20 | Crear | Villager (Male) |
| 6:36 | Construir | House |
| 7:20 | Construir | Lumber Camp |
| 7:29 | Crear | Villager (Male) |
| 7:51 | Construir | House |
| 8:20 | Crear | Villager (Male) |
| 8:45 | Construir | House |
| 9:04 | Construir | Mill |
| 9:12 | Crear | Villager (Male) |
| 9:12 | Crear | Villager (Male) |
| 9:21 | Construir | House |
| 9:23 | Construir | House |
| 10:04 | Crear | Villager (Male) |
| 10:10 | Construir | Mining Camp |
| 10:35 | Construir | Mining Camp |
| 10:40 | Crear | Villager (Male) |
| 11:12 | Construir | Barracks |
| 11:28 | Investigar | Feudal Age |
| 12:46 | Crear | Villager (Male) |
| 12:46 | Crear | Villager (Male) |
| 12:47 | Crear | Villager (Male) |
| 13:53 | Construir | Stone Wall |
| 14:05 | Construir | Stone Wall |
| 14:14 | Crear | Villager (Male) |
| 14:14 | Crear | Villager (Male) |
| 14:41 | Construir | Archery Range |
| 15:09 | Crear | Villager (Male) |
| 15:09 | Crear | Villager (Male) |
| 15:22 | Construir | Blacksmith |
| 15:42 | Construir | Farm |
| 15:43 | Construir | Farm |
| 15:44 | Construir | Farm |
| 15:47 | Construir | Farm |
| 15:54 | Construir | Farm |
| 16:00 | Crear | Villager (Male) |
| 16:00 | Crear | Villager (Male) |
| 16:00 | Crear | Villager (Male) |
| 16:10 | Construir | Farm |
| 16:11 | Construir | Farm |
| 16:13 | Construir | Farm |
| 16:36 | Construir | Market |
| 17:03 | Construir | Farm |
| 17:11 | Construir | Farm |
| 17:15 | Crear | Villager (Male) |
| 17:16 | Crear | Villager (Male) |
| 17:16 | Crear | Villager (Male) |
| 17:49 | Construir | Farm |
| 17:58 | Construir | Farm |
| 18:00 | Construir | Farm |
| 18:07 | Construir | Farm |
| 18:10 | Construir | Farm |
| 18:18 | Construir | Farm |
| 18:50 | Construir | Farm |
| 18:59 | Construir | Farm |
| 19:05 | Crear | Villager (Male) |
| 19:05 | Crear | Villager (Male) |
| 19:05 | Crear | Villager (Male) |
| 19:15 | Construir | Farm |
| 19:16 | Construir | Farm |
| 19:32 | Investigar | Castle Age |
| 20:07 | Crear | Villager (Male) |
| 20:07 | Crear | Villager (Male) |
| 20:15 | Investigar | Stone Mining |
| 20:18 | Investigar | Gold Mining |
| 20:24 | Crear | Spearman |
| 20:24 | Crear | Spearman |
| 20:55 | Construir | Farm |
| 20:57 | Construir | Farm |
| 21:13 | Crear | Trade Cart |
| 21:13 | Crear | Trade Cart |
| 21:14 | Crear | Trade Cart |
| 21:59 | Crear | Villager (Male) |
| 22:33 | Investigar | Double-Bit Axe |
| 22:46 | Construir | Town Center |
| 23:05 | Construir | Town Center |
| 23:30 | Crear | Villager (Male) |
| 23:30 | Crear | Villager (Male) |
| 23:30 | Crear | Villager (Male) |
| 23:31 | Crear | Villager (Male) |
| 23:50 | Investigar | Horse Collar |
| 24:03 | Crear | Villager (Male) |
| 24:05 | Crear | Villager (Male) |
| 24:05 | Crear | Villager (Male) |
| 24:06 | Crear | Villager (Male) |
| 24:06 | Crear | Villager (Male) |
| 24:06 | Crear | Villager (Male) |
| 24:06 | Crear | Villager (Male) |
| 24:08 | Investigar | Wheelbarrow |
| 24:33 | Investigar | Bow Saw |
| 25:15 | Construir | Lumber Camp |
| 25:23 | Crear | Villager (Male) |
| 25:23 | Crear | Villager (Male) |
| 25:23 | Crear | Villager (Male) |
| 25:24 | Crear | Villager (Male) |
| 25:28 | Investigar | Heavy Plow |
| 25:45 | Construir | Farm |
| 25:48 | Construir | Farm |
| 26:00 | Construir | Farm |
| 26:15 | Crear | Villager (Male) |
| 26:16 | Crear | Villager (Male) |
| 26:22 | Crear | Villager (Male) |
| 26:22 | Crear | Villager (Male) |
| 26:22 | Crear | Villager (Male) |
| 26:23 | Crear | Villager (Male) |
| 26:34 | Construir | Town Center |
| 26:46 | Construir | Monastery |
| 26:52 | Investigar | Caravan |
| 27:09 | Construir | House |
| 27:10 | Construir | House |
| 27:11 | Construir | House |
| 27:12 | Construir | House |
| 27:17 | Construir | House |
| 27:18 | Construir | House |
| 27:49 | Crear | Monk |
| 28:03 | Construir | University |
| 28:21 | Construir | Castle |
| 28:32 | Crear | Trade Cart |
Build order — eduiii
Primeras 150 de 407 acciones detectadas
| 0:03 | Investigar | Loom |
| 0:04 | Crear | Villager (Male) |
| 0:04 | Crear | Villager (Male) |
| 0:08 | Construir | House |
| 0:09 | Construir | House |
| 1:00 | Crear | Villager (Male) |
| 1:01 | Crear | Villager (Male) |
| 2:08 | Construir | Palisade Wall |
| 2:31 | Crear | Villager (Male) |
| 2:47 | Crear | Villager (Male) |
| 3:13 | Crear | Villager (Male) |
| 3:40 | Construir | Palisade Wall |
| 3:44 | Crear | Villager (Male) |
| 3:44 | Crear | Villager (Male) |
| 4:17 | Construir | House |
| 4:18 | Construir | House |
| 4:25 | Crear | Villager (Male) |
| 4:25 | Crear | Villager (Male) |
| 4:42 | Crear | Villager (Male) |
| 4:42 | Crear | Villager (Male) |
| 5:56 | Construir | Lumber Camp |
| 6:37 | Crear | Villager (Male) |
| 6:38 | Crear | Villager (Male) |
| 6:38 | Crear | Villager (Male) |
| 6:38 | Crear | Villager (Male) |
| 6:38 | Crear | Villager (Male) |
| 6:39 | Crear | Villager (Male) |
| 7:46 | Construir | Mill |
| 7:57 | Crear | Villager (Male) |
| 9:09 | Crear | Villager (Male) |
| 9:11 | Crear | Villager (Male) |
| 9:11 | Crear | Villager (Male) |
| 10:59 | Investigar | Feudal Age |
| 11:10 | Construir | Mill |
| 11:17 | Construir | Mining Camp |
| 13:09 | Edad | Edad Feudal |
| 13:24 | Construir | Stone Wall |
| 14:41 | Construir | Lumber Camp |
| 15:06 | Construir | Market |
| 15:23 | Crear | Villager (Male) |
| 15:25 | Crear | Villager (Male) |
| 16:22 | Construir | Mill |
| 17:40 | Construir | Stone Wall |
| 18:08 | Construir | Blacksmith |
| 18:17 | Investigar | Wheelbarrow |
| 19:01 | Construir | Mining Camp |
| 19:18 | Investigar | Castle Age |
| 19:31 | Construir | House |
| 19:32 | Construir | House |
| 19:35 | Construir | House |
| 19:49 | Investigar | Double-Bit Axe |
| 19:58 | Investigar | Horse Collar |
| 20:56 | Investigar | Stone Mining |
| 21:46 | Construir | Stone Wall |
| 22:12 | Edad | Edad de los Castillos |
| 22:16 | Crear | Villager (Male) |
| 22:16 | Crear | Villager (Male) |
| 22:17 | Crear | Villager (Male) |
| 22:17 | Crear | Villager (Male) |
| 22:17 | Crear | Villager (Male) |
| 22:17 | Crear | Villager (Male) |
| 22:18 | Crear | Villager (Male) |
| 22:18 | Crear | Villager (Male) |
| 22:18 | Crear | Villager (Male) |
| 22:19 | Crear | Villager (Male) |
| 22:43 | Construir | Town Center |
| 22:54 | Construir | Gate |
| 23:31 | Construir | Town Center |
| 23:47 | Investigar | Bow Saw |
| 24:07 | Construir | Stone Wall |
| 24:20 | Construir | Farm |
| 24:22 | Construir | Farm |
| 24:28 | Construir | Farm |
| 24:54 | Construir | Farm |
| 25:22 | Construir | Stone Wall |
| 25:26 | Investigar | Gold Mining |
| 25:36 | Construir | Farm |
| 25:42 | Construir | Farm |
| 26:09 | Construir | Stone Wall |
| 26:19 | Construir | Farm |
| 26:24 | Crear | Villager (Male) |
| 26:25 | Crear | Villager (Male) |
| 26:25 | Crear | Villager (Male) |
| 26:25 | Crear | Villager (Male) |
| 26:25 | Crear | Villager (Male) |
| 26:26 | Crear | Villager (Male) |
| 26:26 | Crear | Villager (Male) |
| 26:26 | Crear | Villager (Male) |
| 26:27 | Crear | Villager (Male) |
| 26:41 | Construir | Farm |
| 27:08 | Construir | Farm |
| 27:12 | Investigar | Heavy Plow |
| 27:21 | Construir | House |
| 27:22 | Construir | House |
| 27:23 | Construir | House |
| 27:25 | Construir | House |
| 27:27 | Construir | House |
| 27:39 | Construir | Monastery |
| 27:49 | Construir | University |
| 27:55 | Construir | Farm |
| 27:58 | Construir | Farm |
| 28:06 | Investigar | Stone Shaft Mining |
| 28:22 | Crear | Villager (Male) |
| 28:22 | Crear | Villager (Male) |
| 28:42 | Construir | Gate |
| 28:54 | Crear | Monk |
| 29:11 | Investigar | Fortified Wall (upgrade) |
| 29:19 | Construir | Siege Workshop |
| 29:25 | Construir | Farm |
| 29:28 | Crear | Villager (Male) |
| 29:28 | Crear | Villager (Male) |
| 29:29 | Crear | Villager (Male) |
| 29:37 | Construir | Farm |
| 29:38 | Construir | Farm |
| 29:42 | Construir | Farm |
| 29:44 | Construir | Farm |
| 30:08 | Construir | Stone Wall |
| 30:24 | Construir | Castle |
| 30:29 | Construir | Farm |
| 30:32 | Construir | Farm |
| 30:45 | Construir | Farm |
| 30:59 | Construir | Stone Wall |
| 31:13 | Investigar | Hand Cart |
| 31:39 | Crear | Villager (Male) |
| 31:39 | Crear | Villager (Male) |
| 31:40 | Crear | Villager (Male) |
| 31:40 | Crear | Villager (Male) |
| 31:41 | Crear | Villager (Male) |
| 31:41 | Crear | Villager (Male) |
| 32:07 | Investigar | Ballistics |
| 32:10 | Crear | Villager (Male) |
| 32:11 | Crear | Villager (Male) |
| 32:11 | Crear | Villager (Male) |
| 32:11 | Crear | Villager (Male) |
| 32:11 | Crear | Villager (Male) |
| 32:12 | Crear | Villager (Male) |
| 32:31 | Construir | Farm |
| 32:34 | Construir | Farm |
| 32:49 | Construir | Stone Wall |
| 33:14 | Construir | Barracks |
| 33:19 | Construir | Farm |
| 33:22 | Construir | Farm |
| 33:29 | Construir | Farm |
| 33:32 | Construir | Farm |
| 33:38 | Construir | House |
| 33:39 | Construir | House |
| 33:40 | Construir | House |
| 33:43 | Construir | House |
| 33:44 | Construir | House |
| 33:51 | Construir | Farm |
Cronología de la partida
| 0:24 | davidbanegasr · wall_segment Palisade Wall x15 |
| 0:29 | SEVENOF22 · wall_segment Palisade Wall x13 |
| 0:48 | Kibutsuji Mudzan · wall_segment Palisade Wall x10 |
| 0:51 | Kibutsuji Mudzan · wall_segment Palisade Wall x10 |
| 1:29 | SEVENOF22 · wall_segment Palisade Wall x12 |
| 2:08 | eduiii · wall_segment Palisade Wall x13 |
| 2:31 | davidbanegasr · wall_segment Palisade Wall x12 |
| 3:27 | Kraken · wall_segment Palisade Wall x11 |
| 3:40 | eduiii · wall_segment Palisade Wall x12 |
| 3:41 | CROOKED HILLARY · wall_segment Palisade Wall x8 |
| 7:19 | Kraken · wall_segment Palisade Wall x9 |
| 8:25 | Kibutsuji Mudzan · first_building Dock |
| 11:12 | SEVENOF22 · first_building Barracks |
| 11:31 | Kraken · wall_segment Palisade Wall x1 |
| 12:02 | Kraken · wall_segment Palisade Wall x1 |
| 12:16 | CROOKED HILLARY · wall_segment Palisade Wall x3 |
| 12:19 | CROOKED HILLARY · wall_segment Palisade Wall x3 |
| 12:25 | CROOKED HILLARY · wall_segment Palisade Wall x1 |
| 12:46 | Kraken · first_building Barracks |
| 13:09 | eduiii · age_up feudal |
| 13:24 | eduiii · wall_segment Stone Wall x17 |
| 13:53 | SEVENOF22 · wall_segment Stone Wall x13 |
| 14:05 | SEVENOF22 · wall_segment Stone Wall x11 |
| 14:41 | SEVENOF22 · first_building Archery Range |
| 15:08 | davidbanegasr · age_up feudal |
| 15:33 | Kibutsuji Mudzan · age_up feudal |
| 17:24 | Kraken · age_up feudal |
| 17:40 | eduiii · wall_segment Stone Wall x13 |
| 18:11 | davidbanegasr · wall_segment Stone Wall x3 |
| 18:27 | davidbanegasr · wall_segment Stone Wall x4 |
| 19:13 | Kibutsuji Mudzan · first_building Donjon |
| 19:35 | Kibutsuji Mudzan · first_market_sell 100 food |
| 20:22 | davidbanegasr · first_market_sell 100 wood |
| 21:13 | CROOKED HILLARY · age_up feudal |
| 21:46 | eduiii · wall_segment Stone Wall x8 |
| 22:12 | eduiii · age_up castle |
| 22:17 | Kibutsuji Mudzan · age_up castle |
| 23:13 | eduiii · first_market_buy 100 wood |
| 23:43 | Kibutsuji Mudzan · wall_segment Stone Wall x9 |
| 23:47 | Kibutsuji Mudzan · wall_segment Stone Wall x5 |
| 23:49 | Kibutsuji Mudzan · wall_segment Stone Wall x5 |
| 24:07 | eduiii · wall_segment Stone Wall x11 |
| 24:25 | Kraken · first_market_sell 100 food |
| 24:56 | Kraken · age_up castle |
| 25:21 | Kraken · first_building Castle |
| 25:22 | eduiii · wall_segment Stone Wall x7 |
| 25:43 | CROOKED HILLARY · age_up castle |
| 26:09 | davidbanegasr · age_up castle |
| 26:09 | eduiii · wall_segment Stone Wall x10 |
| 26:46 | SEVENOF22 · first_building Monastery |
| 27:27 | CROOKED HILLARY · wall_segment Stone Wall x8 |
| 27:30 | CROOKED HILLARY · wall_segment Stone Wall x3 |
| 27:31 | CROOKED HILLARY · wall_segment Stone Wall x1 |
| 27:34 | CROOKED HILLARY · wall_segment Stone Wall x4 |
| 27:35 | CROOKED HILLARY · wall_segment Stone Wall x2 |
| 27:36 | CROOKED HILLARY · wall_segment Stone Wall x2 |
| 27:39 | eduiii · first_building Monastery |
| 27:40 | CROOKED HILLARY · wall_segment Stone Wall x1 |
| 27:54 | Kibutsuji Mudzan · first_building Monastery |
| 28:21 | SEVENOF22 · first_building Castle |
| 28:30 | Kraken · first_building Monastery |
| 29:13 | davidbanegasr · first_building Castle |
| 29:19 | eduiii · first_building Siege Workshop |
| 29:46 | SEVENOF22 · wall_segment Stone Wall x1 |
| 30:08 | eduiii · wall_segment Stone Wall x6 |
| 30:15 | Kibutsuji Mudzan · first_building Barracks |
| 30:18 | CROOKED HILLARY · wall_segment Stone Wall x1 |
| 30:24 | eduiii · first_building Castle |
| 30:28 | CROOKED HILLARY · wall_segment Stone Wall x5 |
| 30:31 | CROOKED HILLARY · wall_segment Stone Wall x3 |
| 30:34 | CROOKED HILLARY · wall_segment Stone Wall x1 |
| 30:38 | CROOKED HILLARY · wall_segment Stone Wall x4 |
| 30:39 | CROOKED HILLARY · wall_segment Stone Wall x6 |
| 30:59 | eduiii · wall_segment Stone Wall x4 |
| 32:05 | Kibutsuji Mudzan · age_up imperial |
| 32:33 | CROOKED HILLARY · first_building Monastery |
| 32:49 | eduiii · wall_segment Stone Wall x10 |
| 33:01 | davidbanegasr · first_building Siege Workshop |
| 33:06 | SEVENOF22 · first_building Siege Workshop |
| 33:14 | eduiii · first_building Barracks |
| 33:33 | davidbanegasr · first_market_buy 100 wood |
| 33:42 | CROOKED HILLARY · first_building Castle |
| 33:50 | Kraken · first_building Siege Workshop |
| 33:56 | CROOKED HILLARY · wall_segment Stone Wall x13 |
| 34:01 | Kraken · age_up imperial |
| 34:16 | eduiii · first_market_sell 100 wood |
| 34:18 | CROOKED HILLARY · wall_segment Stone Wall x3 |
| 34:23 | Kibutsuji Mudzan · first_building Castle |
| 34:24 | CROOKED HILLARY · wall_segment Stone Wall x12 |
| 34:41 | davidbanegasr · first_building Barracks |
| 34:41 | eduiii · first_building Stable |
| 35:13 | Kibutsuji Mudzan · first_building Siege Workshop |
| 36:40 | davidbanegasr · first_building Archery Range |
| 37:06 | CROOKED HILLARY · wall_segment Stone Wall x12 |
| 37:31 | eduiii · age_up imperial |
| 37:45 | CROOKED HILLARY · first_building Stable |
| 38:12 | davidbanegasr · age_up imperial |
| 38:55 | CROOKED HILLARY · age_up imperial |
| 40:23 | davidbanegasr · wall_segment Stone Wall x9 |
| 40:40 | eduiii · wall_segment Stone Wall x11 |
| 43:41 | SEVENOF22 · wall_segment Stone Wall x15 |
| 44:49 | CROOKED HILLARY · wall_segment Stone Wall x21 |
| 47:36 | Kibutsuji Mudzan · wall_segment Stone Wall x10 |
| 48:04 | CROOKED HILLARY · resign |
| 48:44 | eduiii · wall_segment Stone Wall x15 |
[ ANÁLISIS IA · 1 CRÉDITO ]
¿Qué pasó realmente en esta partida?
Wolo.gg analiza cada decisión: build order, eco, micro, errores típicos por bracket. Análisis personalizado por WhatsApp o Discord en 30 segundos.
Guía civ
Jemeres
Guía mapa
Black Forest
Perfil
CROOKED HILLARY